 Dungeon Crawl Stone Soup version 0.21-a0-286-g6fcecc0 (webtiles) character file.

37 Hasart the Charlatan (level 3, 0/21 HPs)
             Began as a Kobold Artificer on Sept 27, 2017.
             Slain by a leopard gecko (5 damage)
             ... on level 1 of the Dungeon.
             The game lasted 00:01:53 (639 turns).

Hasart the Charlatan (Kobold Artificer)              Turns: 639, Time: 00:01:54

Health: 0/21       AC:  3    Str: 10    XL:     3   Next: 60%
Magic:  6/6        EV: 15    Int: 12    God:
Gold:   55         SH:  0    Dex: 15    Spells: 2/2 levels left

rFire    . . .     SeeInvis .   a - +0 short sword
rCold    . . .     Gourm    .   (shield restricted)
rNeg     . . .     Faith    .   b - +0 leather armour
rPois    .         Spirit   .   (no helmet)
rElec    .         Reflect  .   (no cloak)
rCorr    .         Harm     .   (no gloves)
MR       .....                  (no boots)
Stlth    ++........             (no amulet)
HPRegen  0.07/turn              (no ring)
MPRegen  0.10/turn              (no ring)

@: no status effects
A: carnivore 3
a: no special abilities


You were on level 1 of the Dungeon.
You were very full.

You visited 1 branch of the dungeon, and saw 2 of its levels.

You collected 55 gold pieces.

Inventory:

Hand Weapons
 a - a +0 short sword (weapon)
Armour
 b - a +0 leather armour (worn)
Wands
 c - a wand of flame (12/48)
 d - a wand of enslavement (15/24)
 e - a wand of random effects (12/48)
Scrolls
 i - 3 scrolls of blinking {unknown}
 j - a scroll of random uselessness {unknown}
 k - a scroll of fear {unknown}
Potions
 g - a potion of brilliance {unknown}
Comestibles
 f - a meat ration


   Skills:
 + Level 1.8 Fighting
 * Level 2.9 Short Blades
 + Level 2.8 Dodging
 - Level 1.3 Stealth
 + Level 4.0 Evocations


You had 2 spell levels left.
You didn't know any spells.

Dungeon Overview and Level Annotations

Branches:
Dungeon (2/15)

Altars:


Innate Abilities, Weirdness & Mutations

You are small and have problems with some larger weapons.
You are carnivorous and can eat meat at any time.


Message History

You barely miss the leopard gecko. The leopard gecko bites you.
You hit the leopard gecko.
The leopard gecko is heavily wounded.
The leopard gecko barely misses you.
You miss the leopard gecko.
The leopard gecko is heavily wounded.
The leopard gecko barely misses you.
You miss the leopard gecko.
The leopard gecko is heavily wounded.
The leopard gecko misses you.
You hit the leopard gecko.
The leopard gecko is almost dead.
The leopard gecko bites you.
* * * LOW HITPOINT WARNING * * *
You barely miss the leopard gecko.
The leopard gecko is almost dead.
The leopard gecko bites you.
* * * LOW HITPOINT WARNING * * *
The leopard gecko bites you.
You die...

# #....# #####.####
##....# [..####
######## ####
#####......# #
#######..##......#
####........##......#
.....#......##.l....#
##.(............@...#
.....##.######......#
...####..## #....>.#
...# ##..# #.>....#
..#######.## ########
....#####..##
....#...##..##
....#.8.#.#..##
....#...#.....###


You could see a leopard gecko.

Vanquished Creatures
  A gnoll (D:1)
  An adder (D:2)
  A dart slug (D:1)
  A leopard gecko (D:2)
  A bat (D:1)
  2 giant cockroaches (D:1)
  2 goblins (D:1)
  A hobgoblin (D:1)
  2 frilled lizards (D:1)
  A kobold (D:1)
  3 rats (D:1)
16 creatures vanquished.

Notes
Turn   | Place    | Note
-------+----------+-------------------------------------------
     0 | D:1      | Hasart the Kobold Artificer began the quest for the Orb.
     0 | D:1      | Reached XP level 1. HP: 12/12 MP: 3/3
   127 | D:1      | Reached XP level 2. HP: 14/16 MP: 4/4
   317 | D:1      | Reached XP level 3. HP: 13/21 MP: 5/5
   339 | D:1      | Reached skill level 4 in Evocations
   639 | D:1      | Slain by a leopard gecko

Vault maps used:
D:1:      minmay_arrival_glassed_features, minmay_strange_pillars
D:2:      grunt_temple_overflow_open, serial_aquarium,
          aquarium_bridge_island_small, aquarium_bridge_long_joined,
          aquarium_window_fake, aquarium_window_fake,
          aquarium_window_corridor_2, aquarium_view_2e, first_bread

Skill      XL: |  1  2  3 |
---------------+----------+-----
Short Blades   | 2 |  2.9
Evocations     | 4 |  4.0
Fighting       | |  1.8
Dodging        | |  2.8
Stealth        | |  1.3

Action                   || total
-------------------------++-------
Melee: Short sword       ||    59
Evoke: Wand              ||     6
  Eat: Chunk             ||     7
Armor: Leather armour    ||    16
Dodge: Dodged            ||    65

Table legend:
 A = Spawn XP
 B = Non-spawn XP
 C = Spawn XP percentage of total XP
 D = Spawn monster count
 E = Non-spawn monster count
 F = Spawn count percentage of total count
 G = Total turns spent on level
                    A         B        C        D         E        F      G
               +---------+---------+-------+---------+---------+-------+---------
         Total |       0 |      53 |   0.0 |       0 |      16 |   0.0 |   639
               +---------+---------+-------+---------+---------+-------+---------
           D:1 |       0 |      37 |   0.0 |       0 |      14 |   0.0 |   478
           D:2 |       0 |      16 |   0.0 |       0 |       2 |   0.0 |   161
               +---------+---------+-------+---------+---------+-------+---------
